 Dungeon Crawl Stone Soup version 0.29.1-15-g9cfb28693d (webtiles) character file.

Game seed: 17814252673114353268

30 Heoruswealwe the Digger (level 3, 17/17 HPs)
             Began as a Deep Elf Earth Elementalist on Mar 25, 2023.
             Was a Follower of Hepliaklqana.
             Got out of the dungeon alive.
             The game lasted 00:04:46 (460 turns).

Heoruswealwe the Digger (DEEE)                       Turns: 460, Time: 00:04:47

Health: 17/17      AC:  2    Str:  5    XL:     3   Next: 3%
Magic:  10/10      EV: 12    Int: 21    God:    Hepliaklqana [*.....]
Gold:   20         SH:  0    Dex: 15    Spells: 8/9 levels left

rFire   . . .      SeeInvis .   (no weapon)
rCold   . . .      Faith    .   (no shield)
rNeg    . . .      Spirit   .   a - +0 robe
rPois   .          Reflect  .   (no helmet)
rElec   .          Harm     .   (no cloak)
rCorr   .          Rampage  .   (no gloves)
Will    .....                   (no boots)
Stlth   ++........              (no amulet)
HPRegen 0.05/turn               (no ring)
MPRegen 0.12/turn               (no ring)

@: no status effects
A: reduced essence
a: Renounce Religion, Recall Ancestor, Ancestor Identity


You escaped.
You worshipped Hepliaklqana.
Hepliaklqana was aware of your devotion.
You visited 1 branch of the dungeon, and saw 1 of its levels.

You collected 20 gold pieces.

Inventory:

Armour
 a - a +0 robe (worn)
Potions
 d - a potion of mutation {unknown}


   Skills:
 - Level 2.4 Dodging
 - Level 2.4 Stealth
 * Level 3.8 Spellcasting
 + Level 1.6 Transmutations
 * Level 3.9 Earth Magic


You had 8 spell levels left.
You knew the following spells:

 Your Spells              Type           Power      Damage    Failure   Level
a - Sandblast             Erth           40%        2d10      2%          1

Your spell library contained the following spells:

 Spells                   Type           Power      Damage    Failure   Level
 Passwall                 Tmut/Erth      12%        N/A       6%          2
 Stone Arrow              Conj/Erth      24%        3d8       16%         3
 Petrify                  Tmut/Erth      15%        N/A       36%         4


Dungeon Overview and Level Annotations

Branches:
Dungeon (1/15)

Altars:
Hepliaklqana


Message History

A frilled lizard comes into view.
The blast of sand hits the kobold!
You kill the kobold!
The frilled lizard hisses angrily.
The blast of sand misses the frilled lizard.
The frilled lizard bites you but does no damage.
The blast of sand hits the frilled lizard!
You kill the frilled lizard!
Things that are here:
a +0 short sword; a frilled lizard corpse; a kobold corpse
There is a faded altar of an unknown god here.
You cannot tell which god this altar belongs to.
Convert to them anyway?
Hepliaklqana accepts your prayer! Hepliaklqana welcomes you!
Hepliaklqana forms a fragment of your life essence into the memory of your ancestor, Ilshubani!
You can now recall your ancestor.
You can now remember your ancestor's identity.
Things that are here:
a +0 short sword; a frilled lizard corpse; a kobold corpse
Found 4 gold pieces.
You now have 20 gold pieces (gained 4).
You see here a quokka skeleton.
Done exploring.
You see here a ball python skeleton.
You see here a hobgoblin skeleton.
You see here a rat skeleton.
You see here a +0 dagger.
Things that are here:
a +0 short sword; a rat skeleton You see here a ring of ice.
There is a staircase leading out of the dungeon here.
As you read the scroll labelled KEIGU TIYTS, it crumbles to dust.
It is a scroll of amnesia.
Forget Passwall, freeing 2 spell levels for a total of 8?
Your memory of Passwall unravels.
Are you sure you want to leave the Dungeon?
This will make you lose the game!
Alright, then stay!
Unknown command.
Are you sure you want to leave the Dungeon?
This will make you lose the game!
You have escaped!

###.........##############.#
###.._..###########......#
##########........######
####.....########
#########....##..###
#.........#........##
..≈≈§≈.§.##...≈≈≈≈..#
.§≈≈§§≈§.....≈≈≈≈.≈.#
.≈≈≈§≈≈......≈≈>@R≈.#
.≈≈§≈≈≈......≈≈≈≈≈≈.#
..§≈≈≈..####..≈≈≈≈..#
.......## ##.....(##
######.# #.......# # ##.##
##.......#
#####...####........#
....................##
###...#.....###.###..#


You could see the friendly Ilshubani the ancestor.

Vanquished Creatures
  3 endoplasms (D:1)
  A giant cockroach (D:1)
  4 goblins (D:1)
  2 hobgoblins (D:1)
  2 jackals (D:1)
  5 kobolds (D:1)
  A quokka (D:1)
  3 ball pythons (D:1)
  A bat (D:1)
  3 frilled lizards (D:1)
  5 rats (D:1)
30 creatures vanquished.

Notes
Turn   | Place    | Note
-------+----------+-------------------------------------------
     0 | D:1      | Heoruswealwe the Deep Elf Earth Elementalist began the
                  | quest for the Orb.
     0 | D:1      | Reached XP level 1. HP: 10/10 MP: 6/6
    84 | D:1      | Reached XP level 2. HP: 14/15 MP: 2/8
    87 | D:1      | Learned a level 2 spell: Passwall
   317 | D:1      | Reached XP level 3. HP: 19/19 MP: 5/10
   324 | D:1      | Found a faded altar of an unknown god.
   343 | D:1      | Prayed at the altar of an unknown god.
   343 | D:1      | Became a worshipper of Hepliaklqana the Forgotten
   343 | D:1      | Reached * piety under Hepliaklqana
   460 | D:$      | Got out of the dungeon alive.

Illustrated notes

Levels and vault maps discovered:
D:1:      dpeg_arrival_pits, layout_rooms, hellmonk_ecumenical_altar_zigzags

Action                   || total
-------------------------++-------
 Cast: Sandblast         ||    35
  Use: Potion            ||     1
       Scroll            ||     1
Armor: Robe              ||     5
Dodge: Dodged            ||     6
